 Dungeon Crawl Stone Soup version 0.31-a0-358-gac0dbeb3ab (webtiles) character file.

Game seed: 15460206594721321518

79637 Newt the Carver (level 15, -1/115 HPs)
             Began as a Merfolk Fighter on July 25, 2023.
             Was the Champion of Okawaru.
             Killed by the air
             ... invoked by a wind drake
              (16 damage)
             ... on level 1 of the Shoals.
             The game lasted 00:38:01 (22592 turns).

Newt the Carver (Merfolk Fighter)                  Turns: 22592, Time: 00:38:02

Health: -1/115     AC: 13    Str: 23    XL:     15   Next: 64%
Magic:  0/23       EV:  2    Int:  5    God:    Okawaru [******]
Gold:   1836       SH:  0    Dex: 19    Spells: 14/14 levels left

rFire   + . .        P - +9 staff of Olgreb {rPois∞}
rCold   x . .        c - +0 buckler
rNeg    + . .        k - +3 ring mail of Atheism {rC- Regen+ SInv}
rPois   ∞            A - +2 hat {Stlth+}
rElec   +            Q - scarf {repulsion}
rCorr   +            W - +2 pair of gloves {Stlth+}
SInv    +            (no boots)
Will    .....        p - brooch of Shielding {Spirit SH+8}
Stlth   +++          d - ring of Hutoet {rElec rPois rCorr Dex+4}
HPRegen 1.19/turn    D - ring of positive energy
MPRegen 0.18/turn

%: repel missiles, guardian spirit
@: lit by a corona, sleeping, weak-willed, glowing
A: (nimble swimmer 2), mertail, claws 1, dopey 1, fire resistance 1
a: Renounce Religion, Evoke the Staff of Olgreb, Heroism, Finesse, Duel


You were on level 1 of the Shoals.
You worshipped Okawaru.
Okawaru was exalted by your worship.
You visited 4 branches of the dungeon, and saw 21 of its levels.
You also visited: Gauntlet.

You collected 1836 gold pieces.

Inventory:

Hand Weapons
 a - a +3 scimitar of flaming
 b - a +2 falchion of holy wrath
 H - a +0 long sword
 O - a +1 antimagic hand crossbow
 P - the +9 staff of Olgreb (weapon) {rPois∞}
   (You found it on level 12 of the Dungeon)

   It enhances your poison magic.
   It grants immunity to poison.
   It can be activated via the 'a'bility menu to radiate toxic energy, with
   effectiveness depending on Evocations skill.
Missiles
 i - a throwing net
 M - 7 silver javelins
Armour
 c - a +0 buckler (worn)
 h - a scarf of resistance
 k - the +3 ring mail of Atheism (worn) {rC- Regen+ SInv}
   (Okawaru gifted it to you on level 13 of the Dungeon)

   rC:        It makes you vulnerable to cold.
   SInv:      It lets you see invisible.
   Regen:     It increases your rate of health regeneration.
 A - a +2 hat of stealth (worn)
 Q - a scarf of repulsion (worn)
 W - a +2 pair of gloves of stealth (worn)
Jewellery
 d - the ring of Hutoet (left hand) {rElec rPois rCorr Dex+4}
   (You found it in a Gauntlet)

   [ring of resist corrosion]

   Dex:       It affects your dexterity (+4).
   rElec:     It insulates you from electricity.
   rPois:     It protects you from poison.
   rCorr:     It protects you from acid and corrosion.
 p - the brooch of Shielding (around neck) {Spirit SH+8}
   (You found it on level 3 of the Dungeon)

   [amulet of guardian spirit]

   It causes incoming damage to be divided between your reserves of health and
   magic.
   SH:        It affects your SH (+8).
 t - a ring of poison resistance
 u - a ring of magical power
 v - a ring of protection from fire
 D - a ring of positive energy (right hand)
 V - a +6 ring of strength
 X - a ring of magical power
Wands
 q - a wand of polymorph (10)
 s - a wand of flame (63)
 w - a wand of roots (12)
 E - a wand of digging (5)
 G - a wand of mindburst (16)
 K - a wand of paralysis (11)
 U - a wand of light (16)
Scrolls
 f - 8 scrolls of poison
 l - 6 scrolls of teleportation
 o - 5 scrolls of fear
 r - 2 scrolls of enchant weapon
 z - 2 scrolls of silence
 B - 6 scrolls of identify
 C - 2 scrolls of amnesia
 F - 2 scrolls of revelation
 N - 2 scrolls of blinking
 R - a scroll of butterflies
 Z - a scroll of enchant armour
Potions
 e - a potion of resistance
 g - a potion of haste
 j - 4 potions of brilliance
 m - 6 potions of curing
 n - 2 potions of heal wounds
 x - 8 potions of attraction
 I - 5 potions of lignification
 J - a potion of might
 T - 2 potions of mutation
 Y - a potion of enlightenment {unknown}
Miscellaneous
 L - a lightning rod (4/4)


   Skills:
 - Level 10.0 Fighting
 - Level 14.0 Long Blades
 - Level 10.0 Staves
 - Level 2.1 Armour
 - Level 8.0 Dodging
 - Level 11.0 Stealth
 - Level 10.0 Shields
 - Level 11.0 Invocations
 + Level 11.2 Evocations


You had 14 spell levels left.
You didn't know any spells.
Your spell library contained the following spells:

 Spells                   Type           Power      Damage    Failure   Level
 Apportation              Tloc           0%         N/A       67%         1
 Freeze                   Ice            0%         1d3       67%         1
 Kiss of Death            Conj/Necr      0%         2d5       67%         1
 Magic Dart               Conj           0%         1d3       67%         1
 Slow                     Hex            0%         N/A       67%         1
 Ensorcelled Hibernation  Hex/Ice        0%         N/A       82%         2
 Passwall                 Tmut/Erth      0%         N/A       82%         2
 Searing Ray              Conj           0%         2d4       82%         2
 Confusing Touch          Hex            0%         N/A       96%         3
 Frozen Ramparts          Ice            0%         1d1       96%         3
 Hailstorm                Conj/Ice       0%         3d3       96%         3
 Stone Arrow              Conj/Erth      0%         3d7       96%         3
 Swiftness                Air            0%         N/A       96%         3
 Vampiric Draining        Necr           0%         2d6       96%         3
 Dispel Undead            Necr           0%         3d6       100%        4
 Fulminant Prism          Conj/Hex       0%         3d5       100%        4
 Leda's Liquefaction      Hex/Erth       0%         N/A       100%        4
 Sticky Flame             Conj/Fire      0%         2d3       100%        4
 Alistair's Intoxication  Tmut/Pois      0%         N/A       100%        5
 Fireball                 Conj/Fire      0%         3d3       100%        5
 Irradiate                Conj/Tmut      0%         3d11      100%        5
 Shatter                  Erth           0%         3d5*      100%        9


Dungeon Overview and Level Annotations

Branches:
Dungeon (14/15)            Temple (1/1) D:4            Lair (5/5) D:10
 Shoals (1/4) Lair:3       Spider (0/4) Lair:3        Slime (0/5) Lair:4
    Orc (0/2) D:9          Vaults (0/5) D:13        Gauntlet (visited)

Altars:
Ashenzari
Cheibriados
Dithmenos
Elyvilon
Fedhas
Gozag
Hepliaklqana
Kikubaaqudgha
Makhleb
Nemelex Xobeh
Okawaru
Qazlal
Ru
Sif Muna
Trog
Uskayaw
Vehumet
Wu Jian
Xom
Yredelemnul
Zin
The Shining One
Jiyva

Shops:
D:1 [

Annotations:
D:12 1 runed translucent door
D:13 3 runed translucent doors, Naewuhech's ghost, journeyman OpSh
D:14 Nessos
Lair:4 1 runed translucent door


Innate Abilities, Weirdness & Mutations

((You are very nimble when in or above water. (Stealth+, EV+, Speed+++)))
Your lower body shifts to a powerful aquatic tail in water.
You have sharp fingernails.
You are dopey. (Int -2)
Your flesh is heat resistant. (rF+)


Message History

The satyr shoots an arrow.
You block the arrow.
You sock the wind drake!
You envenom the wind drake!
The wind drake looks even sicker.
The wind drake is moderately wounded.
You block the faun's attack.
The wind drake exhales a fierce blast of wind!
You are knocked back by the gust of wind.
Found 18 gold pieces.
You are too injured to fight recklessly!
Casting: Olgreb's Toxic Radiance
Press: ? - help, Q - select action, (/) - cycle Dir - look around, f - activate You begin to radiate toxic energy.
The faun looks even sicker.
The satyr looks as sick as possible!
The wind drake looks even sicker.
The faun unwields a +0 spear.
The faun wields a +0 sling.
The faun shoots a sling bullet.
You block the sling bullet.
The satyr shoots an arrow.
The arrow hits you! The wind drake flaps its wings at you.
The air twists around and strikes you!
* * * LOW HITPOINT WARNING * * *
Unknown command.
Found a scroll of enchant armour.
The satyr looks as sick as possible!
The faun looks even sicker.
The wind drake looks as sick as possible!
The satyr shoots an arrow.
The arrow hits you!
* * * LOW HITPOINT WARNING * * *
The satyr looks as sick as possible!
The faun looks as sick as possible!
Your toxic aura wanes.
The satyr plays a lulling melody on its pipes!
You fall asleep.
The satyr plays a frightful melody on its pipes!
The satyr radiates an aura of fear!
You are terrified of the satyr!
The faun shoots a sling bullet.
The sling bullet hits you but does no damage.
You are no longer terrified.
You kill the satyr!
Okawaru accepts your kill. The wind drake flaps its wings at you.
The air twists around and strikes you!
You die...

.................P.PP
..~~...<#.........~~P
..~~~.###............
..~~.. #.##......## .
~~~...# #.##..##..##..
~......##.............
..###................?
.# #.....##..P..P.P..
##.~~~@##......⌠...
....~~~.....k)P.)P..
~~$~~~~....P))......
~~~~~~~.##..c.).P...
~~~~~~~.##...P......
~..#.~~?..........P.
~..##~~.....P..P....
~~ .~~.##...⌠......
~~~~. #.)P.P..P..


You could see a wind drake (repels missiles, very poisoned) and a faun
(extremely poisoned).

Vanquished Creatures
  A minotaur (Gauntlet)
  A fire dragon (Lair:1)
  Fannar (Lair:3)
  Harold (D:11)
  5 hydras
  4 vault guards (D:13)
  A catoblepas (Lair:5)
  A satyr (Shoals:1)
  2 two-headed ogres
  6 centaur warriors
  The ghost of Newt the Nimble, a novice DrSh of the Shining One (D:10)
  2 boulder beetles
  16 death yaks
  A deep troll shaman (Lair:5)
  A wretched star (Gauntlet)
  Nergalle (Lair:3)
  A skyshark (Lair:3)
  A skeletal warrior (D:12)
  A fire crab (Gauntlet)
  Lodul (D:11)
  A deep elf pyromancer (D:12)
  3 wolf spiders (D:12)
  2 harpies (Lair:3)
  2 fauns (Shoals:1)
  6 ugly things
  3 manticores
  14 elephants
  A moth of wrath (D:10)
  3 cyclopes
  Maurice (D:13)
  5 black mambas
  5 gargoyles
  A torpor snail (Lair:4)
  3 unseen horrors
  5 cane toads
  Psyche (D:9)
  3 rime drakes
  8 komodo dragons
  An efreet (D:9)
  3 kobold demonologists
  5 trolls
  6 polar bears
  A hornet (D:12)
  26 blink frogs
  7 dream sheep (Lair:5)
  4 slime creatures
  2 vampires
  3 shadows
  4 flying skulls (Gauntlet)
  5 wyverns
  5 wraiths
  21 yaks
  A hog (shapeshifter) (D:9)
  3 fire bats (Gauntlet)
  The ghost of deremet the Covert, an amateur GnDe (D:3)
  A neqoxec (Gauntlet)
  An unseen horror simulacrum (D:8)
  Eustachio (D:4)
  6 redbacks (D:12)
  3 basilisks
  4 vampire mosquitoes
  2 acid dragons
  18 water moccasins
  6 orc warriors
  A swamp drake (D:9)
  5 ice beasts
  A sky beast (D:8)
  11 black bears
  19 wolves
  9 ogres
  10 centaurs
  2 phantoms
  4 kobold brigands
  8 bullfrogs
  5 wights
  5 scorpions
  2 small abominations (Gauntlet)
  A hornet simulacrum (D:8)
  18 killer bees
  3 howler monkeys
  2 electric eels
  4 crimson imps (D:9)
  A wyvern simulacrum (D:8)
  9 orc priests
  3 hounds
  2 jellies
  A gnoll bouda (D:8)
  2 sleepcaps
  6 iguanas
  13 orc wizards
  Terence (D:3)
  A centaur simulacrum (D:8)
  A killer bee simulacrum (D:8)
  Robin (D:3)
  8 gnolls
  3 adders
  A shadow imp (D:6)
  4 white imps (D:8)
  2 ufetubi
  2 worms
  2 dart slugs
  45 orcs
  7 ball pythons
  6 endoplasms
  2 giant cockroaches
  10 goblins
  10 hobgoblins
  3 jackals (D:4)
  4 quokkas
  6 bats
  5 frilled lizards
  18 kobolds
  2 rats
  A butterfly (Lair:5)
548 creatures vanquished.

Vanquished Creatures (others)
  A gargoyle (D:13)
  A bullfrog (Lair:3)
  An orc wizard (D:9)
3 creatures vanquished.

Grand Total: 551 creatures vanquished

Notes
Turn   | Place    | Note
-------+----------+-------------------------------------------
     0 | D:1      | Newt the Merfolk Fighter began the quest for the Orb.
     0 | D:1      | Reached XP level 1. HP: 18/18 MP: 1/1
   181 | D:1      | Found a faded altar of an unknown god.
   229 | D:1      | Found Ydymnaz's Antique Armour Boutique.
   278 | D:1      | Reached XP level 2. HP: 25/25 MP: 2/2
   720 | D:2      | Reached skill level 3 in Long Blades
   849 | D:2      | Reached XP level 3. HP: 30/30 MP: 3/3
   893 | D:2      | You fall into a shaft and drop 2 floors!
   932 | D:3      | Found the brooch of Shielding {Spirit SH+8}
   981 | D:3      | Noticed Terence
   994 | D:3      | Killed Terence
   995 | D:3      | Reached skill level 4 in Long Blades
  1065 | D:3      | Reached XP level 4. HP: 21/37 MP: 2/4
  1078 | D:3      | Reached skill level 5 in Long Blades
  1081 | D:3      | Reached skill level 1 in Dodging
  1354 | D:3      | Found a runed translucent door.
  1360 | D:3      | Noticed deremet's ghost (amateur GnDe)
  1399 | D:3      | Noticed a phantom
  1410 | D:3      | Killed a phantom
  1411 | D:3      | Reached XP level 5. HP: 29/42 MP: 3/5
  1589 | D:3      | Noticed Robin
  1606 | D:3      | Killed Robin
  1837 | D:3      | Killed deremet's ghost
  1838 | D:3      | Reached skill level 5 in Dodging
  1838 | D:3      | Reached XP level 6. HP: 27/48 MP: 2/6
  2187 | D:4      | Found a staircase to the Ecumenical Temple.
  2244 | Temple   | Entered the Ecumenical Temple
  2267 | Temple   | Became a worshipper of Warmaster Okawaru
  2305 | D:4      | Found a glowing golden altar of the Shining One.
  2337 | D:4      | Noticed Eustachio
  2453 | D:4      | Killed Eustachio
  2454 | D:4      | Reached skill level 5 in Shields
  2454 | D:4      | Reached XP level 7. HP: 22/54 MP: 7/7
  2952 | D:5      | Entered Level 5 of the Dungeon
  2987 | D:5      | Found a radiant altar of Vehumet.
  3250 | D:5      | Reached * piety under Okawaru
  3251 | D:5      | Reached skill level 6 in Long Blades
  3260 | D:5      | Reached skill level 7 in Long Blades
  3260 | D:5      | Reached XP level 8. HP: 44/60 MP: 8/8
  3413 | D:5      | Reached skill level 8 in Long Blades
  3828 | D:5      | Found an opulent altar of Gozag.
  4179 | D:6      | Reached skill level 5 in Fighting
  4369 | D:6      | Reached ** piety under Okawaru
  4966 | D:6      | Reached skill level 1 in Evocations
  5060 | D:6      | Reached XP level 9. HP: 70/72 MP: 9/9
  5659 | D:7      | Reached *** piety under Okawaru
  6420 | D:7      | Found a bloodstained altar of Trog.
  6513 | D:7      | Got Sif Muna's Elucidation of the Amorphous Fjord
  6926 | D:8      | Noticed a polar bear
  6957 | D:8      | Killed a polar bear
  6958 | D:8      | Reached skill level 9 in Long Blades
  7174 | D:8      | Reached skill level 10 in Long Blades
  7189 | D:8      | Noticed a death yak
  7198 | D:8      | Reached XP level 10. HP: 79/79 MP: 10/10
  7208 | D:8      | Killed a death yak
  7209 | D:8      | Reached skill level 11 in Long Blades
  7269 | D:8      | Reached skill level 12 in Long Blades
  7285 | D:8      | Reached **** piety under Okawaru
  7887 | D:8      | Found a sacrificial altar of Ru.
  7916 | D:9      | Noticed a purple ugly thing
  7939 | D:9      | Killed a purple ugly thing
  7940 | D:9      | Reached skill level 5 in Invocations
  8496 | D:9      | Found a shimmering altar of Xom.
  8586 | D:9      | Noticed Psyche
  8594 | D:9      | Killed Psyche
  8594 | D:9      | Reached ***** piety under Okawaru
  8655 | D:9      | Found a glowing silver altar of Zin.
  8751 | D:9      | Noticed a centaur warrior
  8776 | D:9      | Killed a centaur warrior
  8777 | D:9      | Reached XP level 11. HP: 43/87 MP: 14/16
  9374 | D:9      | Found a staircase to the Orcish Mines.
  9732 | D:10     | Entered Level 10 of the Dungeon
  9732 | D:10     | Noticed a two-headed ogre
  9739 | D:10     | Killed a two-headed ogre
  9740 | D:10     | Reached skill level 10 in Fighting
  9753 | D:10     | Reached skill level 5 in Evocations
  9876 | D:10     | Found a transporter.
  9881 | D:10     | Noticed Newt's ghost (novice DrSh)
  9899 | D:10     | Found a transporter.
  9906 | D:10     | Noticed a moth of wrath
  9987 | D:10     | Killed a moth of wrath
 10011 | D:10     | Killed Newt's ghost
 10049 | D:10     | Found a shimmering blue altar of Sif Muna.
 10245 | D:10     | Received a gift from Okawaru
 10435 | D:10     | Found a staircase to the Lair.
 10521 | D:10     | Found a blossoming altar of Fedhas.
 10895 | D:11     | Noticed a manticore
 10909 | D:11     | Killed a manticore
 11234 | D:11     | Noticed Harold
 11258 | D:11     | Killed Harold
 11259 | D:11     | Reached XP level 12. HP: 65/97 MP: 16/18
 11282 | D:11     | Identified the +2 long sword of Naehug {flame, rPois}
 11488 | D:11     | Noticed a boulder beetle
 11506 | D:11     | Killed a boulder beetle
 11889 | D:11     | Noticed Lodul
 11905 | D:11     | Reached skill level 13 in Long Blades
 11913 | D:11     | Killed Lodul
 12433 | D:12     | Noticed a sun demon
 12447 | D:11     | Reached skill level 14 in Long Blades
 12455 | D:11     | Reached skill level 1 in Stealth
 12685 | D:12     | Found a runed translucent gate.
 12687 | D:12     | Found a runed translucent gate.
 12687 | D:12     | Found a runed translucent gate.
 12705 | D:12     | Found a runed translucent door.
 12712 | D:12     | Found the +9 staff of Olgreb {rPois∞}
 12718 | D:12     | Found a runed translucent door.
 13089 | D:12     | Reached skill level 5 in Stealth
 13247 | D:12     | Reached ****** piety under Okawaru
 13301 | D:12     | Received a gift from Okawaru
 13367 | D:12     | Received a gift from Okawaru
 13386 | D:12     | Reached XP level 13. HP: 34/103 MP: 3/19
 14087 | D:12     | Reached skill level 10 in Shields
 14247 | D:12     | Received a gift from Okawaru
 14458 | D:13     | Reached skill level 10 in Invocations
 14554 | D:13     | Noticed a vault guard
 14566 | D:13     | Killed a vault guard
 14717 | D:13     | Reached skill level 1 in Staves
 14761 | D:13     | Noticed a vault guard
 14784 | D:13     | Killed a vault guard
 14788 | D:13     | Noticed a vault guard
 14799 | D:13     | Killed a vault guard
 14840 | D:13     | Noticed a vault guard
 14859 | D:13     | Killed a vault guard
 14871 | D:13     | Identified the +3 ring mail of Atheism {rC- Regen+ SInv}
                  | (Okawaru gifted it to you on level 13 of the Dungeon)
 14871 | D:13     | Received a gift from Okawaru
 15180 | D:13     | Found a gate to the Vaults.
 15421 | D:13     | Found a runed translucent gate.
 15421 | D:13     | Found a runed translucent gate.
 15421 | D:13     | Found a runed translucent gate.
 15422 | D:13     | Noticed an acid blob
 15423 | D:13     | Noticed a rockslime
 15423 | D:13     | Noticed a great orb of eyes
 15424 | D:13     | Noticed an azure jelly
 15424 | D:13     | Noticed Naewuhech's ghost (journeyman OpSh)
 15424 | D:13     | Noticed a quicksilver ooze
 15424 | D:13     | Noticed an azure jelly
 15425 | D:13     | Noticed an acid blob
 15455 | D:13     | Reached skill level 5 in Staves
 15578 | D:13     | Noticed Maurice
 15588 | D:13     | Killed Maurice
 15723 | D:13     | Found a glowing golden altar of the Shining One.
 16031 | D:13     | Found a viscous altar of Jiyva.
 16114 | D:14     | Noticed Nessos
 16322 | Lair:1   | Entered Level 1 of the Lair of Beasts
 16337 | Lair:1   | Found an ancient bone altar of Kikubaaqudgha.
 16351 | Lair:1   | Reached XP level 14. HP: 109/110 MP: 22/22
 16389 | Lair:1   | Found a gate leading to a gauntlet.
 16409 | Gauntlet | Entered a Gauntlet
 16409 | Gauntlet | Found a transporter.
 16486 | Gauntlet | Found a transporter.
 16488 | Gauntlet | Found a transporter.
 16493 | Gauntlet | Found a runed translucent door.
 16495 | Gauntlet | Found a runed translucent door.
 16498 | Gauntlet | Found a transporter.
 16501 | Gauntlet | Found a transporter.
 16507 | Gauntlet | Found a runed translucent gate.
 16509 | Gauntlet | Found a runed translucent gate.
 16509 | Gauntlet | Found a transporter.
 16511 | Gauntlet | Found a runed translucent gate.
 16511 | Gauntlet | Noticed a cacodemon
 16531 | Gauntlet | Found a transporter.
 16541 | Gauntlet | Found a transporter.
 16555 | Gauntlet | Found a transporter.
 16571 | Gauntlet | Found a transporter.
 16585 | Gauntlet | Found a transporter.
 16585 | Gauntlet | Found a transporter.
 16645 | Gauntlet | Found a transporter.
 16646 | Gauntlet | Found a transporter.
 16880 | Gauntlet | Identified the ring of Hutoet {rElec rPois rCorr Dex+4}
 16909 | Gauntlet | Identified the +3 scimitar "Kouphut" {freeze, rPois Int+3}
 17946 | Lair:2   | Received a gift from Okawaru
 19155 | Lair:3   | You fall into a shaft and drop 2 floors!
 19155 | Lair:5   | Entered Level 5 of the Lair of Beasts
 19165 | Lair:5   | Reached skill level 10 in Staves
 19765 | Lair:5   | Reached XP level 15. HP: 62/115 MP: 2/23
 19772 | Lair:5   | Identified the +2 great sword of the Mosquito {elec, rElec
                  | rF+ Int+8} (Okawaru gifted it to you on level 5 of the Lair
                  | of Beasts)
 19772 | Lair:5   | Received a gift from Okawaru
 19778 | Lair:5   | Reached skill level 10 in Stealth
 19955 | Lair:5   | Got the Opusculum on Geological Traumaturgy
 20453 | Lair:5   | Gained mutation: Your flesh is heat resistant. (rF+)
                  | [potion of mutation]
 20453 | Lair:5   | Gained mutation: Armour fits poorly on your strangely
                  | shaped body. [potion of mutation]
 20453 | Lair:5   | Gained mutation: You have sharp fingernails. [potion of
                  | mutation]
 20454 | Lair:5   | Lost mutation: You have sharp fingernails. [potion of
                  | mutation]
 20454 | Lair:5   | Lost mutation: Armour fits poorly on your strangely shaped
                  | body. [potion of mutation]
 20454 | Lair:5   | Gained mutation: You are dopey. (Int -2) [potion of
                  | mutation]
 20454 | Lair:5   | Gained mutation: You have sharp fingernails. [potion of
                  | mutation]
 20663 | Lair:4   | Found a runed translucent door.
 20779 | Lair:4   | Found a viscous altar of Jiyva.
 20779 | Lair:4   | Found a staircase to the Slime Pits.
 21055 | Lair:4   | Identified the +2 hat of Somewhere Else {Will- Str+8 Dex-4}
                  | (Okawaru gifted it to you on level 4 of the Lair of Beasts)
 21055 | Lair:4   | Received a gift from Okawaru
 21059 | Lair:4   | Reached skill level 10 in Evocations
 21734 | Lair:3   | Noticed Nergalle
 21734 | Lair:3   | Found a hole to the Spider Nest.
 21740 | Lair:3   | Killed Nergalle
 22012 | Lair:3   | Noticed Fannar
 22030 | Lair:3   | Killed Fannar
 22363 | Lair:3   | Found a staircase to the Shoals.
 22562 | Shoals:1 | Entered Level 1 of the Shoals
 22592 | Shoals:1 | Killed from afar by a wind drake

Illustrated notes

Levels and vault maps discovered:
D:1:      giann_wishing_wells, layout_rooms, serial_shops, shop,
          ebering_ecumenical_altar_box, nicolae_figureground_pulse
D:2:      layout_loops_ring, due_unseen_surprise
D:3:      layout_loops_ring, ebering_ghost_reflecting_pool,
          guppyfry_early_lair_pool, uniq_terence, uniq_robin
D:4:      layout_loops_ring, old_standard_altar, temple_green,
          chequers_serial_rivers_marsh, uniq_eustachio
D:5:      layout_basic, nicolae_overflow_hidden_temple,
          lemuel_coloured_pillars_altar, serial_aquarium, aquarium_bridge_square
          [aquarium_subvault_bridge, aquarium_subvault_window,
          aquarium_subvault_window, aquarium_subvault_bridge],
          aquarium_window_1, aquarium_window_1, aquarium_window_2,
          aquarium_view_2b, aquarium_view_2b, aquarium_pool_split,
          hangedman_decor_growths, kennysheep_nub
D:6:      layout_rooms, grunt_ministairs_7
D:7:      layout_basic, lightli_temple_of_fire
D:8:      layout_basic, nicolae_ru_path_of_blood, serial_ice, serial_ice_m,
          serial_ice_d, serial_ice_c, serial_ice_n, serial_ice_i, serial_ice_h,
          serial_ice_f, serial_ice_g, serial_ice_e, serial_ice_b
D:9:      minmay_chambers_of_sixes, layout_basic, zin_statuary, led_xom_imps,
          erik_orc_1, uniq_psyche
D:10:     layout_cave_pods, mainiacjoe_overflow_small_starburst, fedhas_altar_2,
          due_lair_maze_entry_diamond, gammafunk_ghost_berserking_beasts
D:11:     layout_rooms, uniq_harold, uniq_lodul
D:12:     minmay_box_of_statues, layout_basic,
          minmay_guarded_unrand_staff_of_olgreb
D:13:     layout_irregular_city, lightli_vaults_fourway_checkpoint,
          gammafunk_ghost_ooze, tso_oasis_becter, uniq_maurice
D:14:     layout_loops_ring, nzn_wu_jian_council_hall, uniq_nessos, uniq_kirke,
          uniq_rupert
Temple:   oiseaux_autumnal_temple
Lair:1:   dragon1_lemuel, layout_misc_corridors, basic_altar,
          gauntlet_entry_generic
Lair:2:   layout_chaotic_city, lemuel_fruit_fields, serial_bayou_shore_a,
          infiniplex_staircase_pool_2
Lair:3:   layout_gridlike, nicolae_shoals_entry_roost, dummy_spider_entry,
          uniq_fannar, uniq_nergalle
Lair:4:   layout_loops_ring, slime_entry_2
Lair:5:   grunt_lair_end_beastmaster, layout_misc_corridors, minivault_26,
          lemuel_fruit_fields
Shoals:1: cheibrodos_shoals_satyrical_garden, layout_shoals

Skill      XL: |  1  2  3  4  5  6  7  8  9 10 11 12 13 14 15 |
---------------+----------------------------------------------+-----
Fighting       | 4 7 8 10 | 10.0
Long Blades    | 3 4 5 7 8 10 12 14 | 14.0
Dodging        | 3 5 8 |  8.0
Shields        | 4 5 6 8 10 | 10.0
Evocations     | 3 4 8 11 | 11.2
Invocations    | 7 8 9 11 | 11.0
Stealth        | 6 9 11 | 11.0
Staves         | 6 10 | 10.0
Armour         | |  2.1

Action                     |  1- 3 |  4- 6 |  7- 9 | 10-12 | 13-15 || total
---------------------------+-------+-------+-------+-------+-------++-------
  Melee: Long sword        |   108 |   249 |   494 |   413 |       ||  1264
         Unarmed           |       |       |       |     2 |       ||     2
         Scimitar          |       |       |       |   499 |   146 ||   645
         Staff             |       |       |       |       |   840 ||   840
         Falchion          |       |       |       |       |     9 ||     9
         Tailslap          |       |       |       |       |     1 ||     1
  Throw: Throwing net      |       |       |       |       |     1 ||     1
 Invoke: Heroism           |       |       |       |     9 |     5 ||    14
         Finesse           |       |       |       |       |     3 ||     3
Ability: Evoke the Staff o |       |       |       |       |    52 ||    52
  Evoke: Wand              |       |       |     2 |     4 |     2 ||     8
         Lightning rod     |       |       |       |       |     1 ||     1
    Use: Potion            |       |     1 |     3 |     5 |     7 ||    16
         Scroll            |       |       |    16 |       |     4 ||    20
   Stab: Invisible         |       |       |       |     4 |     3 ||     7
         Confused          |       |       |       |     3 |       ||     3
         Paralysed         |       |       |       |     6 |       ||     6
         Distracted        |       |       |       |     1 |     1 ||     2
         Sleeping          |       |       |       |     1 |    23 ||    24
         Held in net/web   |       |       |       |       |     1 ||     1
         Petrified         |       |       |       |       |     7 ||     7
 Armour: Scale mail        |    42 |    51 |    29 |       |       ||   122
         Chain mail        |       |       |   193 |   190 |       ||   383
         Troll leather arm |       |       |       |    27 |    29 ||    56
         Skin              |       |       |       |       |    21 ||    21
         Ring mail         |       |       |       |       |   114 ||   114
  Dodge: Dodged            |    48 |    81 |   182 |   305 |   360 ||   976
         Repelled          |       |       |       |       |     4 ||     4
  Block: Buckler           |    27 |   161 |   386 |   544 |   594 ||  1712

Table legend: (Time is in decaauts)
 A = Elapsed time spent in this place.
 B = Non-inter-level travel time spent in this place.
 C = Inter-level travel time spent in this place.
 D = Time resting spent in this place.
 E = Time spent auto-exploring this place.
 F = Levels seen in this place.
 G = Mean time per level.
                   A        B        C        D        E       F      G
               +--------+--------+--------+--------+--------+-----+--------+
         Total |  22194 |  21265 |    929 |   5159 |  11473 |  22 | 1008.8 |
       Dungeon |  16097 |  15470 |    627 |   4303 |   7776 |  14 | 1149.8 |
        Temple |     46 |      1 |     45 |      0 |      0 |   1 |   46.0 |
          Lair |   5561 |   5306 |    255 |    849 |   3444 |   5 | 1112.2 |
        Shoals |     27 |     27 |      0 |      0 |      7 |   1 |   27.0 |
      Gauntlet |    461 |    461 |      0 |      7 |    245 |   1 |  461.0 |
               +--------+--------+--------+--------+--------+-----+--------+

Top non-repeatable levels by time:
    D:13: 1837 daAuts
    D:12: 1829 daAuts
    D:11: 1797 daAuts
     D:9: 1775 daAuts
  Lair:5: 1377 daAuts
     D:8: 1332 daAuts
     D:7: 1235 daAuts
  Lair:2: 1226 daAuts
     D:5: 1189 daAuts
     D:6: 1184 daAuts
  Lair:4: 1126 daAuts
     D:3: 1070 daAuts
  Lair:1: 1007 daAuts
     D:4: 990 daAuts
    D:10: 938 daAuts
